 Dungeon Crawl Stone Soup version 0.30-a0-691-g754fce4c43 (console) character file.

Game seed: 18031513417259217092

2262944 Banquo the Acrobat (level 27, 228/228 HPs)
             Began as a Djinni Fire Elementalist on Jan 19, 2023.
             Was a High Priest of Ashenzari.
             Escaped with the Orb
             ... and 4 runes on Jan 22, 2023!
             The game lasted 09:01:12 (76929 turns).

Banquo the Acrobat (Djinni Fire Elementalist)      Turns: 76929, Time: 09:01:13

Health: 228/228    AC: 11    Str:  7    XL:     27
Gold:   5590       EV: 24    Int: 39    God:    Ashenzari [*****.] SH: 32 Dex: 14

rFire   + + +      SeeInvis +    a - +7 spear {freeze, rPois Dex+4 Stlth+}
rCold   + + .      Faith    .    i - +7 tower shield of Ashenzari's Sun {reflect, Fort, Cun} (curse)
rNeg    . . .      Spirit   .    d - +4 troll leather armour "Gloom of Ashenzari" {Regen+, Self, Melee} (curse)
rPois   ∞          Reflect  +    h - +0 hat of the Prescient Oracle {Fly rElec Int+7 Dex-5, Melee, Self} (curse)
rElec   +          Harm     .    e - scarf of Ashenzari's Repose {rC+ rF+, Self, Melee} (curse)
rCorr   +          Rampage  .    g - +0 pair of gloves of the Lashed Blue Moon {Fort, Self} (curse)
Will    +++..      Clarity  +    (boots unavailable)
Stlth   +++                      B - amulet "Profound Yoke" {Regen+, Fort, Self} (curse)
HPRegen 2.18/turn                Y - ring of Toth-Mos's Legacy {rF+ rC++ rCorr Int+2, Cun, Self} (curse)
MPRegen 0.00/turn                W - ring "Eternal Together" {Wiz, Evo, Self} (curse)

@: flying, studying Fighting
A: sickness immunity, fire resistance 2, cold vulnerability 1, float, innate
caster, HP casting, extra vitality 1, strong-willed 1, electricity resistance,
wild magic 1
0: Orb of Zot
}: 4/15 runes: decaying, serpentine, slimy, silver
a: Renounce Religion, Curse Item, Shatter the Chains


You escaped.
You worshipped Ashenzari.
Ashenzari was extremely pleased with you.
You visited 12 branches of the dungeon, and saw 56 of its levels.
You visited the Abyss 1 time.
You visited 3 bazaars.
You also visited: Ossuary, Bailey and Ice Cave.

You collected 8580 gold pieces.
You spent 2990 gold pieces at shops.

Inventory:

Hand Weapons
 a - the +7 spear "Ykkes" (weapon) {freeze, rPois Dex+4 Stlth+}
   (You found it on level 5 of the Pits of Slime)

   Dex:       It affects your dexterity (+4).
   rPois:     It protects you from poison.
   Stlth:     It makes you more stealthy.
 b - the +1 rapier of Xaaropt {freeze, Will+ Int+4}
   (You found it in a bailey)

   Int:       It affects your intelligence (+4).
   Will:      It increases your willpower.
 o - a +3 antimagic dagger
 p - a +9 quick blade of freezing
 N - the +2 rapier "Ummuria" {venom, rF+ Int+5 Stlth+}
   (You acquired it on level 8 of the Dungeon)

   Int:       It affects your intelligence (+5).
   rF:        It protects you from fire.
   Stlth:     It makes you more stealthy.
 T - a +5 short sword of holy wrath
Missiles
 G - 4 throwing nets
Armour
 d - the cursed +4 troll leather armour "Gloom of Ashenzari" (worn) {Regen+, Self, Melee}
   (You found it on level 15 of the Dungeon)

   Regen:     It increases your rate of health regeneration.
   It has a curse which improves the following skills: Introspection: Fighting
   and Spellcasting.
   Melee Combat: Short Blades, Long Blades, Axes, Maces & Flails, Polearms,
   Staves and Unarmed Combat.
 e - the cursed scarf of Ashenzari's Repose (worn) {rC+ rF+, Self, Melee}
   (You found it on level 2 of the Snake Pit)

   It has a curse which improves the following skills: Introspection: Fighting
   and Spellcasting.
   Melee Combat: Short Blades, Long Blades, Axes, Maces & Flails, Polearms,
   Staves and Unarmed Combat.
 g - the cursed +0 pair of gloves of the Lashed Blue Moon (worn) {Fort, Self}
   (You found it on level 8 of the Dungeon)

   It has a curse which improves the following skills: Fortitude: Armour and
   Shields.
   Introspection: Fighting and Spellcasting.
 h - the cursed +0 hat of the Prescient Oracle (worn) {Fly rElec Int+7 Dex-5, Melee, Self}
   (You found it on level 2 of the Snake Pit)

   Int:       It affects your intelligence (+7).
   Dex:       It affects your dexterity (-5).
   rElec:     It insulates you from electricity.
   Fly:       It grants you flight.
   It has a curse which improves the following skills: Melee Combat: Short
   Blades, Long Blades, Axes, Maces & Flails, Polearms, Staves and Unarmed
   Combat.
   Introspection: Fighting and Spellcasting.
 i - the cursed +7 tower shield of Ashenzari's Sun (worn) {reflect, Fort, Cun}
   (You took it off a naga warrior on level 1 of the Snake Pit)

   It has a curse which improves the following skills: Fortitude: Armour and
   Shields.
   Cunning:   Dodging and Stealth.
 I - a +1 helmet of intelligence
 K - the +2 hat of Generosity {+Blink rF- Int+6}
   (You found it on level 3 of the Snake Pit)

   Int:       It affects your intelligence (+6).
   rF:        It makes you vulnerable to fire.
   +Blink:    It lets you blink.
Magical Staves
 c - a staff of cold
 R - a staff of air
Jewellery
 B - the cursed amulet "Profound Yoke" (around neck) {Regen+, Fort, Self}
   (You bought it in a shop in a bazaar)

   [amulet of regeneration]

   Regen:     It increases your rate of health regeneration.
   It has a curse which improves the following skills: Fortitude: Armour and
   Shields.
   Introspection: Fighting and Spellcasting.
 V - the ring of the Country {rElec rC+++ MP+9 Int+2 Dex-3}
   (You found it on level 2 of the Vaults)

   [ring of magical power]

   Int:       It affects your intelligence (+2).
   Dex:       It affects your dexterity (-3).
   rC:        It renders you almost immune to cold.
   rElec:     It insulates you from electricity.
   MP:        It affects your magic capacity (+9).
 W - the cursed ring "Eternal Together" (right hand) {Wiz, Evo, Self}
   (You bought it in a shop in a bazaar)

   [ring of wizardry]

   It improves your spell success rate.
   It has a curse which improves the following skills: Evocations: Evocations.
   Introspection: Fighting and Spellcasting.
 Y - the cursed ring of Toth-Mos's Legacy (left hand) {rF+ rC++ rCorr Int+2, Cun, Self}
   (You found it on level 3 of the Realm of Zot)

   [ring of resist corrosion]

   Int:       It affects your intelligence (+2).
   rF:        It protects you from fire.
   rC:        It greatly protects you from cold.
   rCorr:     It protects you from acid and corrosion.
   It has a curse which improves the following skills: Cunning: Dodging and
   Stealth.
   Introspection: Fighting and Spellcasting.
Wands
 n - a wand of iceblast (30)
 u - a wand of quicksilver (21)
 D - a wand of digging (11)
 M - a wand of mindburst (68)
Scrolls
 f - 6 scrolls of silence
 j - 9 scrolls of blinking
 k - 8 scrolls of fear
 m - 2 scrolls of magic mapping
 s - 10 scrolls of poison
 w - 9 scrolls of noise
 y - 34 scrolls of teleportation
 A - 12 scrolls of fog
 H - 8 scrolls of butterflies
 J - 5 scrolls of enchant armour
Potions
 l - 3 potions of berserk rage
 q - 10 potions of invisibility
 r - a potion of cancellation
 t - 14 potions of might
 v - 27 potions of curing
 x - 6 potions of mutation
 C - 3 potions of resistance
 E - 20 potions of heal wounds
 F - 10 potions of haste
 P - 2 potions of ambrosia
 Q - 8 potions of brilliance
Miscellaneous
 L - a condenser vane
 S - a box of beasts
 U - a phantom mirror


   Skills:
 - Level 19.1(27) Fighting
 - Level 10.5(15.0) Short Blades
 + Level 16.3(20.7) Polearms
 - Level 7.5(12.0) Armour
 - Level 25.1(27) Dodging
 - Level 13.7(17.1) Stealth
 - Level 22.9(27) Shields
 - Level 19.1(27) Spellcasting
 - Level 15.9(18.1) Evocations


You couldn't memorise any spells.
You knew the following spells:

 Your Spells              Type           Power      Damage    Failure   Level
a - Iron Shot             Conj/Erth      74%        9d14      1%          6
b - Iskenderun's Battles  Conj           100%       2d15      1%          5
c - Necrotise             Necr           100%       1d9       1%          1
d - Scorch                Fire           100%       2d10      1%          2
e - Inner Flame           Hex/Fire       100%       N/A       1%          3
f - Kindle Blastsparks    Fire/Tloc/Air  100%       2d18      1%          3
g - Spellforged Servitor  Conj/Summ      74%        N/A       1%          7
i - Ignition              Fire           74%        3d19      1%          8
l - Conjure Ball Lightni  Conj/Air       74%        3x3d27    1%          6
n - Eringya's Noxious Bo  Tmut/Pois      74%        N/A       1%          6
p - Petrify               Tmut/Erth      100%       N/A       1%          4
r - Searing Ray           Conj           100%       2d8       1%          2
v - Polar Vortex          Ice            74%        N/A       1%          9
w - Flame Wave            Conj/Fire      100%       2d21      1%          4
z - Foxfire               Conj/Fire      100%       2x1d9     1%          1
H - Vhi's Electric Charg  Tloc/Air       100%       N/A       1%          3
N - Necromutation         Tmut/Necr      74%        N/A       1%          8
R - Irradiate             Conj/Tmut      74%        3d36      1%          5
Your spell library was empty.

Dungeon Overview and Level Annotations

Branches:
Dungeon (15/15)            Temple (1/1) D:5            Lair (5/5) D:8
  Swamp (4/4) Lair:2        Snake (4/4) Lair:3        Slime (5/5) Lair:5
    Orc (2/2) D:9             Elf (3/3) Orc:2        Vaults (5/5) D:13
  Crypt (3/3) Vaults:2       Tomb (0/3) Crypt:3      Depths (4/4) D:15
    Zot (5/5) Depths:4    Ossuary (visited)          Bailey (visited)
  IceCv (visited)

Altars:
Ashenzari
Cheibriados
Dithmenos
Elyvilon
Fedhas
Gozag
Hepliaklqana
Makhleb
Nemelex Xobeh
Okawaru
Qazlal
Ru
Trog
Uskayaw
Wu Jian
Xom
Yredelemnul
Zin
The Shining One
Jiyva
Lugonu

Shops:
D:4 ***   D:12 =   Orc:2 =(([   Elf:2 (   Elf:3 (   Snake:1 [   Snake:4 :
Vaults:1 (   Vaults:3 (*   Vaults:5 ((   Depths:2 *

Portals:
Hell: Lair:5 Depths:1 Depths:2 Depths:3 Depths:4
Abyss: Depths:1 Depths:2 Depths:3
Pandemonium: Depths:2
Ziggurat: Depths:3

Annotations:
Zot:3 3 runed translucent doors, Sausm's ghost, legendary KoDe
Zot:5 3 runed translucent doors, Lioda's ghost, legendary MiBe


Innate Abilities, Weirdness & Mutations

You are immune to sickness and miasma.
You are immune to poison.
Your flesh is very heat resistant. (rF++)
You are vulnerable to cold. (rC-)
You float through the air rather than walking.
You learn spells naturally, not from books.
Your magical power is your life essence.
You have superior vitality. (+4 MHP)
You are strong-willed. (Will+)
You are resistant to electric shocks. (rElec)
Your spells are a little harder to cast, but a little more powerful.


Message History

Confirm with . or Enter, or press ? or * to list all spells.
Aiming: Iron Shot (safe; 1% risk of failure)
Press: ? - help, Shift-Dir - straight line, f/p - hell beast
Aim: a hell beast (almost dead, 73% to hit)
The iron shot hits the hell beast!!!!
You kill the hell beast!
(D) Dungeon (T) Temple (L) Lair (S) Swamp (P) Snake Pit (M) Slime Pits (O) Orcish Mines (E) Elven Halls (V) Vaults (C) Crypt (W) Tomb (U) Depths (H) Hell (Z) Zot
Where to? (* - list waypoints, Enter - D:1, ? - help)
There is a stone staircase leading up here.
You fly upwards.
HP restored.
There is a stone staircase leading down here.
You sense a monster nearby.
Casting: Iron Shot (safe; 1% risk of failure)
Confirm with . or Enter, or press ? or * to list all spells.
Okay, then.
Casting: Iron Shot (safe; 1% risk of failure)
Confirm with . or Enter, or press ? or * to list all spells.
Okay, then.
Casting: Iron Shot (safe; 1% risk of failure)
Confirm with . or Enter, or press ? or * to list all spells.
Okay, then.
Unknown command.
Casting: Iron Shot (safe; 1% risk of failure)
Confirm with . or Enter, or press ? or * to list all spells.
Casting: Flame Wave (safe; 1% risk of failure)
Press: ? - help, Dir - look around, f - activate A wave of flame ripples out!
The tree burns like a torch! (Press . to intensify the flame waves.)
The forest fire spreads!
Really fly into that cloud of spreading flames?
Okay, then.
Really fly into that cloud of spreading flames?
You are engulfed in a forest fire.
You resist.
There is a staircase leading out of the dungeon here.
Enter note: Woot!
The forest fire spreads!
You have escaped!

#...♣.♣.♣♣...♣♣.♣.♣##....[..##
#.#♣♣.♣.♣.♣♣.P♣.♣.♣♣#.......#.
#.#♣..♣.♣.♣P.♣♣.♣.P♣#.......#.
#.#♣♣{♣.♣.♣♣....♣.♣♣#.......#.
#...♣.♣.♣♣..♣♣♣P♣.♣ #.......#.
#...♣.♣♣.♣♣...♣♣♣.♣ #.......#.
#.##♣♣.♣♣.♣♣♣♣...♣♣ #.......#.
#....♣♣.♣.§§§♣♣P♣♣ #.......#.
####.#♣♣.§§§§@♣♣♣ #.......##
#...♣♣§§§§♣♣ #.......##
##.##..§§§### #.........
#..........# #######'###
##########.# #.......# #.#
#.####### #.#####.# #.......#
#.#######


There were no monsters in sight!

Vanquished Creatures
  2 pandemonium lords
  the Royal Jelly (Slime:5)
  Dissolution (Slime:4)
  2 dread liches (Zot:5)
  8 orbs of fire
  An ancient lich (Vaults:5)
  2 juggernauts (Depths:3)
  Vv (Crypt:2)
  Boris (twice) (Vaults:4 Crypt:2)
  7 Killer Klowns
  Xtahua (Crypt:1)
  The ghost of Hulu the Metallomancer, a veteran GrEE of Ashenzari (Depths:4)
  Saint Roka (Snake:2)
  the Lernaean hydra (Swamp:4)
  2 caustic shrikes (Depths:4)
  6 curse toes
  Nikola (Swamp:2)
  the Enchantress (Depths:4)
  10 golden dragons
  2 doom hounds (Depths:2)
  A bone dragon (Depths:2)
  3 Tzitzimimeh
  3 electric golems
  A hellephant (Depths:1)
  15 tentacled monstrosities
  20 Orb Guardians (Zot:5)
  8 liches
  An Ice Fiend (D:14)
  Jorgrun (Swamp:1)
  Mlioglotl (Snake:4)
  3 titans (Vaults:5)
  Grunn (Depths:3)
  6 quicksilver dragons
  2 walking frostbound tomes
  7 sphinxes
  3 deep elf blademasters
  7 death cobs
  13 acid blobs
  2 deep elf master archers (Elf:3)
  Kirke (Swamp:1)
  A sphinx (shapeshifter) (Vaults:5)
  Frances (Elf:1)
  5 ancient champions
  Donald (Vaults:4)
  2 fenstrider witches
  5 thorn hunters
  10 shadow dragons
  10 tengu reavers
  9 storm dragons
  5 nagarajas (Snake:4)
  8 azure jellies
  Roxanne (Elf:1)
  5 draconian monks
  5 rockslimes (Slime:5)
  23 vault wardens
  13 frost giants
  8 fire giants
  4 draconian scorchers
  7 draconian knights
  4 ghouls
  An iron dragon (Vaults:5)
  A curse skull (Crypt:3)
  Louise (Swamp:1)
  4 ghost moths
  4 deep elf sorcerers
  2 orc warlords (Vaults:4)
  5 draconian annihilators
  A juggernaut zombie (Crypt:3)
  6 deep elf elementalists (Elf:3)
  7 draconian shifters
  A reaper (Crypt:2)
  4 spriggan defenders (Depths:4)
  A caustic shrike skeleton (D:15)
  7 quicksilver oozes
  25 ironbound preservers
  8 ironbound thunderhulks
  4 war gargoyles
  14 stone giants
  24 very ugly things
  8 eleionomae
  7 vampire knights
  10 green draconians
  11 yellow draconians
  17 black draconians
  16 purple draconians
  8 deep elf demonologists
  2 putrid mouths (Depths:2)
  Azrael (D:14)
  7 spark wasps
  15 red draconians
  11 dire elephants
  8 ettins
  17 white draconians
  9 deep elf annihilators
  A lorocyproca (D:11)
  5 bunyips
  11 deep elf death magi
  2 green deaths
  2 crystal guardians (Vaults:3)
  A merfolk impaler (Depths:3)
  Josephine (D:11)
  Snorg (Lair:4)
  2 eidola
  13 fire dragons
  A shambling mangrove (Swamp:3)
  3 deep elf high priests
  2 jiangshi
  10 yaktaur captains
  3 entropy weavers
  33 vault guards
  19 hydras
  8 great orbs of eyes
  3 rakshasas
  Erolcha (D:9)
  A salamander tyrant (Snake:4)
  2 peacekeepers
  9 centaur warriors
  2 ogre magi (Vaults:5)
  Harold (Lair:2)
  Erica (D:11)
  A ghost crab (Swamp:1)
  18 anacondas
  2 hell beasts
  4 spriggan air magi
  17 ice dragons
  14 ironbound frosthearts
  A two-headed ogre (shapeshifter) (Elf:3)
  9 two-headed ogres
  12 naga warriors
  24 dancing weapons
  3 alligators
  A boulder beetle (D:15)
  11 deep troll shamans
  2 tengu warriors
  8 vampire magi
  3 orc high priests (Orc:2)
  10 hell hogs
  13 deep troll earth magi
  The ghost of atomjack the Destroyer, a novice DsCA of Ignis (Lair:1)
  A death yak (Lair:5)
  4 shock serpents
  Sonja (D:11)
  17 spriggans
  3 hell knights
  A sun demon (D:15)
  A soul eater (Depths:3)
  8 spriggan berserkers
  12 deep elf knights
  16 naga sharpshooters
  Nergalle (D:11)
  Amaemon (D:9)
  7 iron trolls
  A salamander mystic (Snake:4)
  20 skeletal warriors
  3 shadow wraiths
  4 goliath frogs
  60 deep trolls
  2 sixfirhies
  A spark wasp zombie (D:15)
  2 sea snakes (Snake:4)
  A shadow demon (Depths:2)
  3 spriggan druids
  5 glowing orange brains
  2 death drakes (Swamp:3)
  An orange crystal statue (IceCv)
  15 swamp dragons
  8 deep elf archers
  2 obsidian statues
  A sea snake (shapeshifter) (Vaults:5)
  13 wizards
  3 flayed ghosts
  9 naga ritualists
  A large abomination (D:6)
  12 phantasmal warriors
  12 lindwurms
  3 bog bodies
  5 orc sorcerers
  22 ironbound convokers
  22 deep elf zephyrmancers
  6 necromancers
  9 orc knights
  3 harpies
  14 deep elf pyromancers
  44 ugly things
  6 mana vipers
  2 cyclopes (D:14)
  5 shining eyes
  2 manticores (D:12)
  10 salamanders
  A stone giant zombie (Crypt:3)
  A cyclops (shapeshifter) (Depths:2)
  A golden dragon skeleton (D:15)
  A fire giant zombie (Crypt:1)
  4 will-o-the-wisps
  A moth of wrath (shapeshifter) (Depths:2)
  The ghost of xsansara the Ruffian, a novice TrFi (D:4)
  50 black mambas
  28 moths of wrath
  An elephant (shapeshifter) (Vaults:5)
  A rust devil (Crypt:2)
  A jorogumo skeleton (Crypt:3)
  27 vault sentinels
  10 guardian serpents (Snake:4)
  3 eyes of devastation
  2 spectral iron trolls (Crypt:1)
  14 naga magi
  10 cane toads
  4 orange demons
  A torpor snail (Lair:5)
  A centaur skeleton (Crypt:3)
  A yellow draconian zombie (Crypt:2)
  A hellion (Crypt:2)
  An elephant slug zombie (Crypt:3)
  A gargoyle (D:13)
  An unseen horror zombie (D:7)
  2 tormentors (Depths:2)
  A komodo dragon (shapeshifter) (Vaults:4)
  An efreet (D:2)
  18 yaktaurs
  2 ice devils
  A death yak zombie (Crypt:1)
  4 komodo dragons
  4 tengu conjurers
  12 rime drakes
  6 freezing wraiths
  An unseen horror skeleton (Crypt:2)
  A sea snake skeleton (Crypt:3)
  A spectral deep troll (Crypt:1)
  4 red devils
  A catoblepas skeleton (Crypt:2)
  7 trolls
  3 guardian mummies (Crypt:3)
  2 hellwings
  3 bloated husks
  A queen bee (shapeshifter) (D:15)
  12 polar bears
  12 hornets
  A death drake zombie (Swamp:2)
  12 tyrant leeches
  2 human skeletons (Vaults:4)
  Grinder (D:6)
  A blink frog (shapeshifter) (D:13)
  A dream sheep (shapeshifter) (Depths:4)
  7 dream sheep
  13 blink frogs
  89 slime creatures
  52 yaks
  2 air elementals
  A spriggan (shapeshifter) (D:14)
  An elf skeleton (Vaults:4)
  6 fire elementals
  2 vampires (D:12)
  A culicivora (Vaults:5)
  2 wyverns
  9 wraiths
  A shadow (D:9)
  10 water elementals
  A ynoxinul (D:11)
  Eustachio (D:5)
  6 basilisks
  3 humans (Swamp:1)
  A neqoxec (Depths:3)
  2 golden eyes (Depths:4)
  A yaktaur simulacrum (Vaults:4)
  A redback (shapeshifter) (D:13)
  5 steam dragons
  21 vampire mosquitoes
  Menkaure (D:6)
  22 swamp worms
  A death drake simulacrum (Swamp:2)
  16 water moccasins
  39 nagas
  4 wargs
  Edmund (D:6)
  A demonspawn zombie (Crypt:2)
  A fire bat skeleton (Crypt:2)
  2 acid dragons
  7 hell hounds
  30 orc warriors
  5 swamp drakes
  A floating eye (Depths:1)
  A floating eye (shapeshifter) (Depths:3)
  A merfolk skeleton (Crypt:3)
  2 sky beasts (D:8)
  2 black bears
  A spriggan simulacrum (Swamp:2)
  3 ice beasts
  10 ogres
  A manticore skeleton (Crypt:2)
  A wolf (Lair:5)
  8 boggarts
  2 small abominations (Depths:1)
  16 centaurs
  6 phantoms
  A hog skeleton (Crypt:1)
  7 kobold brigands
  4 gnoll sergeants
  2 wyvern zombies (D:7)
  14 bullfrogs
  A scorpion (D:5)
  A human simulacrum (Vaults:4)
  8 necrophages
  3 earth elementals (Elf:2)
  10 wights
  9 killer bees
  A raiju skeleton (Crypt:2)
  6 electric eels
  A centaur zombie (D:7)
  2 howler monkeys (D:8)
  2 gnoll boudas
  3 human zombies
  4 iron imps (Crypt:2)
  21 orc priests
  4 hounds
  9 jellies
  A quasit (D:10)
  22 orc wizards
  3 iguanas
  A killer bee zombie (D:7)
  11 mummies
  22 gnolls
  8 adders
  A shadow imp (D:8)
  A white imp (D:7)
  An adder zombie (Crypt:3)
  An iguana skeleton (Crypt:1)
  2 worms
  2 dart slugs
  80 orcs
  9 ball pythons
  6 bats
  A bat skeleton (Crypt:1)
  11 endoplasms
  A giant cockroach (D:2)
  10 goblins
  5 hobgoblins
  4 jackals
  24 kobolds
  3 quokkas
  A ball python skeleton (Crypt:1)
  A giant cockroach zombie (Crypt:1)
  A gnoll zombie (Ossuary)
  3 hobgoblin zombies (Ossuary)
  A kobold zombie (Ossuary)
  3 orc zombies (Ossuary)
  6 rats
  2 foxfires (Elf:3)
2314 creatures vanquished.

Vanquished Creatures (collateral kills)
  The ghost of Saecofuc the Deadly Accurate, a veteran GnSk of Cheibriados (Depths:2)
  2 Killer Klowns
  A caustic shrike (Depths:4)
  3 golden dragons
  An electric golem (Zot:5)
  5 Orb Guardians (Zot:5)
  2 tentacled monstrosities
  A titan (Depths:2)
  2 liches
  A quicksilver dragon (Depths:4)
  8 acid blobs
  A death cob (Zot:3)
  4 shadow dragons
  Agnes (Elf:2)
  2 sphinxes
  4 storm dragons
  A tengu reaver (Depths:1)
  4 azure jellies
  3 draconian monks
  5 fire giants
  3 frost giants
  2 iron dragons
  A draconian scorcher (Zot:2)
  A fire giant (shapeshifter) (Depths:1)
  A draconian shifter (Zot:1)
  2 vault wardens
  A spriggan defender (Depths:4)
  2 ghouls
  5 very ugly things
  5 ironbound preservers
  2 quicksilver oozes (Slime:5)
  A draconian annihilator (Zot:2)
  6 stone giants
  5 green draconians
  4 black draconians
  2 spark wasps
  An ironbound thunderhulk (Vaults:4)
  A deep elf annihilator (Vaults:5)
  4 white draconians
  3 yellow draconians
  A red draconian (Depths:4)
  4 purple draconians
  A dire elephant (Vaults:3)
  2 ettins
  A deep elf death mage (Vaults:5)
  An entropy weaver (Vaults:3)
  A yaktaur captain (Vaults:2)
  3 vault guards
  A great orb of eyes (Slime:5)
  4 fire dragons
  A spriggan air mage (Depths:4)
  3 rakshasas
  A peacekeeper (Vaults:3)
  An ironbound frostheart (Vaults:3)
  A deep troll shaman (Depths:1)
  2 deep troll earth magi (Vaults:5)
  5 hell hogs (Depths:1)
  A vampire mage (Depths:2)
  4 dancing weapons (Elf:2)
  A tengu warrior (Depths:2)
  A hell knight (Depths:3)
  6 iron trolls
  4 skeletal warriors
  10 deep trolls
  2 wizards
  An ironbound convoker (Vaults:2)
  2 deep elf zephyrmancers (Elf:2)
  5 phantasmal warriors
  A bog body (Crypt:3)
  A deep elf pyromancer (Elf:2)
  An orc knight (Vaults:4)
  A broodmother zombie (Crypt:2)
  7 ugly things
  3 shining eyes
  An iron dragon skeleton (Crypt:1)
  2 moths of wrath
  4 vault sentinels
  A spectral deep troll (Crypt:1)
  2 white draconian skeletons
  A guardian mummy (Crypt:3)
  A tarantella (Vaults:2)
  A sphinx simulacrum (Vaults:4)
  A blink frog (shapeshifter) (Vaults:5)
  A human simulacrum (Vaults:4)
  11 slime creatures
  A flying skull (Crypt:3)
  2 water elementals
  A wraith (Crypt:2)
  A culicivora (Vaults:2)
  A spriggan (Depths:4)
  A redback (Vaults:2)
  A two-headed ogre skeleton (Crypt:2)
  2 iron imps (Crypt:2)
  An iguana zombie (Crypt:3)
  A goblin zombie (Crypt:2)
  15 ball lightnings
  7 foxfires
248 creatures vanquished.

Vanquished Creatures (others)
  An entropy weaver (Vaults:5)
  A deep elf knight (Elf:2)
  A wizard (Vaults:3)
  A tyrant leech (Swamp:3)
  3 humans (Swamp:1)
  2 kobolds (D:10)
  148 ball lightnings
  2 briar patches (Swamp:4)
  A bush (Lair:5)
  1644 foxfires
  23 fungi
  64 plants
  7 toadstools (D:1)
  12 withered plants (D:15)
1910 creatures vanquished.

Grand Total: 4472 creatures vanquished

Notes
Turn   | Place    | Note
-------+----------+-------------------------------------------
     0 | D:1      | Banquo the Djinni Fire Elementalist began the quest for the
                  | Orb.
     0 | D:1      | Banquo set off with the following spells memorised:
                  | Foxfire, Scorch, Kindle Blastsparks, Inner Flame, Flame
                  | Wave.
     0 | D:1      | Reached XP level 1. HP: 15/15 MP: 0/0
   259 | D:1      | Reached XP level 2. HP: 20/22 MP: 0/0
   472 | D:1      | Reached XP level 3. HP: 25/26 MP: 0/0
   472 | D:1      | Learned a level 1 spell: Necrotise
   500 | D:1      | Reached skill level 1 in Fighting
  1081 | D:2      | Reached XP level 4. HP: 30/32 MP: 0/0
  2356 | D:4      | Found Afac's General Store.
  2367 | D:4      | Reached XP level 5. HP: 35/38 MP: 0/0
  2367 | D:4      | Learned a level 2 spell: Searing Ray
  2422 | D:4      | Found Iqoqom's Assorted Antiques.
  2423 | D:4      | Found a broken altar of Ashenzari.
  2526 | D:4      | Bought a scroll of identify for 20 gold pieces
  2741 | D:4      | Found Notait's Assorted Antiques.
  2770 | D:4      | Found a runed translucent gate.
  2770 | D:4      | Found a runed translucent gate.
  2777 | D:4      | Noticed xsansara's ghost (novice TrFi)
  2786 | D:4      | Found a runed translucent gate.
  3086 | D:4      | Became a worshipper of Ashenzari the Shackled
  3096 | D:5      | Entered Level 5 of the Dungeon
  3132 | D:5      | Noticed a centaur
  3134 | D:5      | Killed a centaur
  3135 | D:5      | Reached XP level 6. HP: 34/43 MP: 0/0
  3239 | D:5      | Noticed Eustachio
  3325 | D:5      | Found a staircase to the Ecumenical Temple.
  3337 | D:5      | Reached skill level 5 in Spellcasting
  3430 | D:5      | Reached XP level 7. HP: 44/49 MP: 0/0
  3430 | D:5      | Learned a level 3 spell: Vhi's Electric Charge
  3506 | Temple   | Entered the Ecumenical Temple
  3824 | D:5      | Reached XP level 8. HP: 50/56 MP: 0/0
  3833 | D:5      | Reached skill level 1 in Armour
  3952 | D:5      | Killed Eustachio
  3953 | D:5      | Reached skill level 3 in Dodging
  4217 | D:6      | Found a sand-covered staircase.
  4226 | Ossuary  | Entered an ossuary
  4536 | D:6      | Reached XP level 9. HP: 38/62 MP: 0/0
  4536 | D:6      | Learned a level 4 spell: Petrify
  4605 | D:4      | Bought a scroll labelled WIWUEV OKHE YMEMU for 24 gold
                  | pieces
  4605 | D:4      | Bought a scroll labelled WIWUEV OKHE YMEMU for 24 gold
                  | pieces
  4605 | D:4      | Bought a scroll labelled TECHIQ DURAMN for 24 gold pieces
  4605 | D:4      | Bought a scroll labelled GARHU WUGREIRO for 24 gold pieces
  4649 | D:4      | Bought a scroll labelled FUADYC TOAL for 26 gold pieces
  4649 | D:4      | Bought a scroll labelled TECHIQ DURAMN for 26 gold pieces
  4649 | D:4      | Bought a purple potion for 23 gold pieces
  4649 | D:4      | Bought a scroll labelled JOBOM PAFU for 26 gold pieces
  4649 | D:4      | Bought a scroll labelled DEULOCV GOED for 26 gold pieces
  4760 | D:4      | Bought a scroll of noise for 10 gold pieces
  4760 | D:4      | Bought a scroll of teleportation for 30 gold pieces
  4965 | D:6      | Reached * piety under Ashenzari
  4965 | D:6      | Identified a scroll of acquirement
  5154 | D:6      | Noticed Edmund
  5169 | D:6      | Killed Edmund
  5170 | D:6      | Reached skill level 4 in Dodging
  5422 | D:6      | Noticed Menkaure
  5425 | D:6      | Killed Menkaure
  5618 | D:6      | Reached skill level 1 in Shields
  5715 | D:6      | Noticed Grinder
  5731 | D:6      | Paralysed by Grinder for 5 turns
  5732 | D:6      | Killed Grinder
  5891 | D:6      | Reached skill level 5 in Fighting
  6099 | D:6      | Found a blossoming altar of Fedhas.
  6148 | D:6      | Reached XP level 10. HP: 69/72 MP: 0/0
  6259 | D:7      | Reached ** piety under Ashenzari
  6575 | D:7      | Reached skill level 5 in Dodging
  7123 | D:7      | Found a glowing silver altar of Zin.
  7123 | D:7      | Noticed an angel
  7683 | D:7      | Found a basalt altar of Yredelemnul.
  8020 | D:8      | Noticed a two-headed ogre
  8237 | D:8      | Reached skill level 10 in Spellcasting
  8251 | D:8      | Reached skill level 6 in Dodging
  8262 | D:8      | Reached XP level 11. HP: 31/79 MP: 0/0
  8262 | D:8      | Learned a level 5 spell: Irradiate
  8429 | D:8      | Killed a two-headed ogre
  8603 | D:8      | Found an opulent altar of Gozag.
  8718 | D:8      | Reached *** piety under Ashenzari
  8946 | D:8      | Found a hazy altar of Hepliaklqana.
  9057 | D:8      | Found a stormy altar of Qazlal.
  9114 | D:8      | Found a staircase to the Lair.
  9378 | D:9      | Found a bloodstained altar of Trog.
  9385 | D:9      | Noticed Amaemon
  9431 | Lair:1   | Entered Level 1 of the Lair of Beasts
 10063 | Lair:1   | Reached XP level 12. HP: 83/91 MP: 0/0
 10579 | Lair:1   | Found a runed translucent gate.
 10580 | Lair:1   | Found a runed translucent gate.
 10580 | Lair:1   | Found a runed translucent gate.
 10583 | Lair:1   | Noticed atomjack's ghost (novice DsCA)
 10931 | Lair:2   | Noticed Harold
 11285 | Lair:2   | Found a staircase to the Swamp.
 11569 | Lair:3   | Found a staircase to the Snake Pit.
 12272 | Lair:4   | Identified the +1 plate armour of Beogh's Favour {Rampage
                  | +Inv rF- rC-}
 12456 | Lair:4   | Noticed Snorg
 12463 | Lair:4   | Killed Snorg
 12876 | Lair:5   | Entered Level 5 of the Lair of Beasts
 12894 | Lair:5   | Reached XP level 13. HP: 66/101 MP: 0/0
 12894 | Lair:5   | Learned a level 5 spell: Iskenderun's Battlesphere
 13005 | Lair:5   | Noticed a five-headed hydra
 13024 | Lair:5   | Found a viscous altar of Jiyva.
 13024 | Lair:5   | Found a staircase to the Slime Pits.
 13735 | Lair:5   | Killed a five-headed hydra
 14251 | Lair:5   | Noticed a seven-headed hydra
 14256 | Lair:5   | Killed a seven-headed hydra
 14257 | Lair:5   | Reached skill level 10 in Fighting
 14372 | Lair:5   | Noticed a dire elephant
 14375 | Lair:5   | Noticed a six-headed hydra
 14442 | Lair:5   | Killed a six-headed hydra
 14591 | Lair:4   | Killed a dire elephant
 14972 | Lair:5   | Noticed a four-headed hydra
 14977 | Lair:5   | Killed a four-headed hydra
 14978 | Lair:5   | Reached skill level 5 in Armour
 15958 | Abyss:2  | Cast into level 2 of the Abyss (a wizard)
 15978 | Abyss:2  | Found a corrupted altar of Lugonu.
 16001 | Abyss:2  | Noticed a lorocyproca
 16004 | Lair:5   | Escaped the Abyss
 16011 | Lair:5   | Reached XP level 14. HP: 108/111 MP: 0/0
 16061 | Lair:5   | Found a burning altar of Makhleb.
 16387 | Lair:5   | HP: 4/112 [barbs]
 16869 | Lair:5   | Found a gateway to Hell.
 17308 | Lair:2   | Killed Harold
 17659 | D:9      | Killed Amaemon
 17813 | D:9      | Found a staircase to the Orcish Mines.
 18109 | D:9      | Noticed Erolcha
 18117 | D:9      | Killed Erolcha
 18761 | D:9      | Found a snail-covered altar of Cheibriados.
 19148 | D:10     | Entered Level 10 of the Dungeon
 19217 | D:10     | Found a flagged portal.
 19248 | Bailey   | Entered a bailey
 19382 | Bailey   | Identified the +1 rapier of Xaaropt {freeze, Will+ Int+4}
 19392 | Bailey   | Reached **** piety under Ashenzari
 19557 | Bailey   | Identified the +2 flail of Xaosm {heavy, rC+}
 19558 | Bailey   | Found an iron altar of Okawaru.
 19981 | D:10     | Found a burning altar of Makhleb.
 20157 | D:10     | Reached skill level 1 in Short Blades
 20528 | D:11     | Noticed Nergalle
 20539 | D:11     | Killed Nergalle
 20819 | D:11     | Noticed Sonja
 20829 | D:11     | Killed Sonja
 20943 | D:11     | Noticed Josephine
 20965 | D:11     | Killed Josephine
 21289 | D:11     | Identified the +1 robe of Bufo Lubo {rPois Dex+2}
 21435 | D:11     | Noticed Erica
 21448 | D:11     | Killed Erica
 22032 | D:12     | Found Mucasaa's Jewellery Emporium.
 22225 | D:12     | Found an iron altar of Okawaru.
 22781 | Orc:1    | Entered Level 1 of the Orcish Mines
 22951 | Orc:1    | Reached skill level 5 in Shields
 22953 | Orc:1    | Reached XP level 15. HP: 88/122 MP: 0/0
 22953 | Orc:1    | Learned a level 6 spell: Iron Shot
 23657 | Orc:2    | Entered Level 2 of the Orcish Mines
 23657 | Orc:2    | Found a staircase to the Elven Halls.
 23746 | Orc:2    | Reached skill level 7 in Dodging
 25008 | Orc:2    | Found Ufirip's Armour Shop.
 25008 | Orc:2    | Found Zaqothoy's Jewellery Shop.
 25098 | Orc:2    | Found Poagour's Antique Weapon Shoppe.
 25101 | Orc:2    | Found Mutradin's Weapon Shoppe.
 25547 | D:13     | Reached skill level 8 in Dodging
 26428 | D:13     | Found a gate to the Vaults.
 26871 | D:13     | Reached skill level 9 in Dodging
 26966 | D:14     | Found a flickering gateway to a bazaar.
 26978 | Bazaar   | Entered a bazaar
 26991 | Bazaar   | Found Ysehuumi's Magic Scroll Shop.
 27020 | Bazaar   | Found Leongehu's Distillery.
 27040 | Bazaar   | Found Sougyisa's Distillery.
 27060 | Bazaar   | Found Juudwess's Magic Scroll Shop.
 27093 | Bazaar   | Bought a scroll of blinking for 82 gold pieces
 27093 | Bazaar   | Bought a scroll of blinking for 82 gold pieces
 27108 | Bazaar   | Bought a potion of haste for 130 gold pieces
 27108 | Bazaar   | Bought a potion of cancellation for 104 gold pieces
 27108 | Bazaar   | Bought a potion of brilliance for 52 gold pieces
 27128 | Bazaar   | Bought a potion of heal wounds for 80 gold pieces
 27128 | Bazaar   | Bought a potion of heal wounds for 80 gold pieces
 27128 | Bazaar   | Bought a potion of heal wounds for 80 gold pieces
 27143 | Bazaar   | Bought a scroll of teleportation for 39 gold pieces
 27143 | Bazaar   | Bought a scroll of noise for 13 gold pieces
 27143 | Bazaar   | Bought a scroll of noise for 13 gold pieces
 27143 | Bazaar   | Bought a scroll of noise for 13 gold pieces
 27143 | Bazaar   | Bought a scroll of blinking for 97 gold pieces
 27686 | D:14     | Noticed Azrael
 27883 | D:14     | Identified the amulet of Eternity {Faith Str+2}
 27903 | D:14     | Reached ***** piety under Ashenzari
 28013 | D:14     | Killed Azrael
 28376 | D:15     | Entered Level 15 of the Dungeon
 29048 | D:15     | Reached XP level 16. HP: 117/134 MP: 0/0
 29055 | D:15     | Reached skill level 5 in Short Blades
 29494 | D:15     | Found a staircase to the Depths.
 29544 | D:15     | Found a viscous altar of Jiyva.
 30315 | D:4      | Killed xsansara's ghost
 30517 | Snake:1  | Entered Level 1 of the Snake Pit
 30528 | Snake:1  | Reached skill level 10 in Shields
 30531 | Snake:1  | Reached skill level 10 in Dodging
 31230 | Snake:1  | Found a shadowy altar of Dithmenos.
 31340 | Snake:1  | Identified Gamyowk's Guidebook on United Burning
 31448 | Snake:1  | Found Tristan's Dragon-Slaying Spoils.
 32019 | Snake:2  | Identified the ring "Iddenao" {rC+ AC+4}
 32019 | Snake:2  | Identified the +1 leather armour of the Doldrums {rPois}
 32720 | Snake:2  | Found a transporter.
 32721 | Snake:2  | Identified the +0 hat of Time Monsters {Fly rElec Int+7
                  | Dex-5}
 32730 | Snake:2  | Found a transporter.
 32767 | Snake:2  | Reached skill level 15 in Spellcasting
 32791 | Snake:2  | Reached XP level 17. HP: 111/141 MP: 0/0
 32791 | Snake:2  | Learned a level 6 spell: Eringya's Noxious Bog
 33313 | Snake:2  | Noticed Saint Roka
 33347 | Snake:2  | Killed Saint Roka
 34079 | Snake:3  | Reached skill level 15 in Fighting
 34306 | D:8      | Acquired 793 gold pieces
 34425 | Snake:3  | Identified the +2 hat of Generosity {+Blink rF- Int+6}
 35290 | Snake:4  | Entered Level 4 of the Snake Pit
 35478 | Snake:4  | Found a sparkling altar of Nemelex Xobeh.
 35494 | Snake:4  | Found Xynlysa's Vocational Training.
 36049 | Snake:4  | Noticed Mlioglotl
 36054 | Snake:4  | Killed Mlioglotl
 36309 | Snake:4  | Reached XP level 18. HP: 101/150 MP: 0/0
 36726 | Snake:4  | Got a serpentine rune of Zot
 37073 | Swamp:1  | Entered Level 1 of the Swamp
 37096 | Swamp:1  | Noticed Kirke
 37105 | Swamp:1  | Killed Kirke
 37162 | Swamp:1  | Noticed Jorgrun
 37184 | Swamp:1  | Killed Jorgrun
 37362 | Swamp:1  | Noticed Louise
 37368 | Swamp:1  | Killed Louise
 38006 | Swamp:2  | Noticed Nikola
 38011 | Swamp:2  | Killed Nikola
 38654 | Swamp:3  | Noticed a tentacled monstrosity
 38659 | Swamp:3  | Killed a tentacled monstrosity
 38914 | Swamp:3  | Reached XP level 19. HP: 120/158 MP: 0/0
 38914 | Swamp:3  | Learned a level 6 spell: Conjure Ball Lightning
 38926 | Swamp:3  | Reached skill level 15 in Shields
 39083 | Swamp:3  | Identified the +4 glaive of Poeng {heavy, rF+}
 39296 | Swamp:3  | Noticed a tentacled monstrosity
 39302 | Swamp:3  | Killed a tentacled monstrosity
 39769 | Swamp:4  | Entered Level 4 of the Swamp
 39771 | Swamp:4  | Noticed a tentacled monstrosity
 39779 | Swamp:4  | Killed a tentacled monstrosity
 40323 | Swamp:4  | Noticed the 27-headed Lernaean hydra
 40627 | Swamp:4  | Killed the 27-headed Lernaean hydra
 40744 | Swamp:4  | Got a decaying rune of Zot
 41056 | Lair:1   | Killed atomjack's ghost
 41363 | Elf:1    | Entered Level 1 of the Elven Halls
 41456 | Elf:1    | Found a flickering gateway to a bazaar.
 41459 | Elf:1    | Noticed Frances
 41472 | Elf:1    | Killed Frances
 41480 | Bazaar   | Entered a bazaar
 41484 | Bazaar   | Found Lohog's Jewellery Boutique.
 41502 | Bazaar   | Found Ridgh's Antique Armour Emporium.
 41519 | Bazaar   | Found Bitin's Book Boutique.
 41536 | Bazaar   | Found Effed's Antique Weapon Shoppe.
 41541 | Bazaar   | Bought a masterwork long sword for 229 gold pieces
 41541 | Bazaar   | Identified the +1 long sword "Eli Canih" {venom, rN+} (You
                  | bought it in a shop in a bazaar)
 41541 | Bazaar   | Bought a crude sling for 175 gold pieces
 41541 | Bazaar   | Identified the +0 sling of Tirheaxt {heavy, Str+5 Int+3}
                  | (You bought it in a shop in a bazaar)
 41561 | Bazaar   | Bought a ring of wizardry for 390 gold pieces
 41580 | Elf:1    | Noticed Roxanne
 41587 | Elf:1    | Killed Roxanne
 41588 | Elf:1    | Reached XP level 20. HP: 131/166 MP: 0/0
 41627 | Elf:1    | Found a frozen archway.
 41645 | IceCv    | Entered an ice cave
 42010 | IceCv    | Reached skill level 10 in Short Blades
 42632 | Elf:1    | Reached skill level 11 in Dodging
 43321 | Elf:2    | Found Lusocah's Antique Weapon Emporium.
 43348 | Elf:2    | Found a runed translucent gate.
 43348 | Elf:2    | Found a runed translucent gate.
 43350 | Elf:2    | Found a runed translucent gate.
 43438 | Elf:2    | Reached skill level 12 in Dodging
 43861 | Elf:3    | Entered Level 3 of the Elven Halls
 44027 | Elf:3    | Reached skill level 13 in Dodging
 44393 | Elf:3    | Identified the +2 falchion "Zekicvu" {drain, +Blink Str+4
                  | Dex-2}
 44432 | Elf:3    | Reached skill level 14 in Dodging
 44468 | Elf:3    | Reached XP level 21. HP: 97/165 MP: 0/0
 44468 | Elf:3    | Learned a level 8 spell: Ignition
 44597 | Elf:3    | Found Jedwyidu's Antique Weapon Boutique.
 44605 | Elf:3    | Bought a crude trident for 229 gold pieces
 44605 | Elf:3    | Identified the +3 trident of Exoneration {holy, Dex+2} (You
                  | bought it in a shop on level 3 of the Elven Halls)
 45001 | Elf:3    | Reached skill level 15 in Dodging
 45041 | Elf:3    | Identified the +12 chain mail of Keudiru {rElec}
 45260 | Elf:3    | Identified the Atlas of Impurities and the Throng
 45264 | Elf:3    | Identified the Anthology of Exhumation and Anemomancy
 45368 | Elf:3    | Found the +1 cloak of Starlight {*Dazzle EV+4 Stlth--}
 45369 | Elf:3    | Identified the +0 plate armour of True Grit {Fly rF+ Int+7
                  | Dex-4}
 45389 | Elf:3    | Identified the +7 dagger of the Teaching Scavenger {speed,
                  | rF- rC+++ Dex-3 SInv}
 45389 | Elf:3    | Identified the ring "Vito" {rElec rF+ rCorr Str-5 Int+6}
 45412 | Elf:3    | Identified Toajeon's Quarto of the Modern Teeth
 45970 | Vaults:1 | Entered Level 1 of the Vaults
 46172 | Vaults:1 | Reached skill level 16 in Dodging
 46588 | Vaults:1 | Found Ryhuul's Weapon Boutique.
 47042 | Vaults:1 | Reached skill level 17 in Dodging
 47703 | Vaults:2 | Reached XP level 22. HP: 165/184 MP: 0/0
 47707 | Vaults:2 | Reached XP level 23. HP: 164/190 MP: 0/0
 47707 | Vaults:2 | Learned a level 7 spell: Spellforged Servitor
 47753 | Vaults:2 | Reached skill level 18 in Dodging
 48197 | Vaults:2 | Found a staircase to the Crypt.
 48495 | Vaults:2 | Found a transporter.
 48495 | Vaults:2 | Identified the ring of the Country {rElec rC+++ MP+9 Int+2
                  | Dex-3}
 48497 | Vaults:2 | Identified the ring "Pajyin" {*Slow +Blink rN+++ Will+
                  | EV+5}
 48527 | Vaults:2 | Found a transporter.
 50231 | Vaults:3 | Found Cetuent's Weapon Boutique.
 50456 | Vaults:3 | Found Ewkoxt's General Store.
 51064 | Vaults:3 | Reached XP level 24. HP: 180/204 MP: 0/0
 51528 | Vaults:4 | Identified the +3 quarterstaff "Demonbane" {venom, Dex+4
                  | SInv}
 51642 | Vaults:4 | Noticed Boris
 51652 | Vaults:4 | Noticed Donald
 51652 | Vaults:4 | Killed Donald
 51661 | Vaults:4 | Killed Boris
 52971 | Depths:1 | Entered Level 1 of the Depths
 53329 | Depths:1 | Found a corrupted altar of Lugonu.
 53329 | Depths:1 | Found a one-way gate to the infinite horrors of the Abyss.
 53523 | Depths:1 | Identified the +1 dagger "Riqao" {drain, Int+3}
 53636 | Depths:1 | Identified the +9 chain mail of Baityodgh {+Blink Str-3
                  | Int+6 Dex+4}
 53701 | Depths:1 | Reached skill level 19 in Dodging
 53883 | Depths:1 | Reached XP level 25. HP: 184/214 MP: 0/0
 53883 | Depths:1 | Learned a level 8 spell: Necromutation
 54302 | Depths:2 | Found Fiv Quse's General Store.
 54340 | Depths:2 | Found a flickering gateway to a bazaar.
 54352 | Bazaar   | Entered a bazaar
 54368 | Bazaar   | Found Hoqiy's General Store.
 54369 | Bazaar   | Found Barot's Armour Emporium.
 54412 | Bazaar   | Found Qiadanus's Antique Armour Shoppe.
 54412 | Bazaar   | Found Neburya's Jewellery Shoppe.
 54434 | Bazaar   | Bought an amulet of regeneration for 390 gold pieces
 54455 | Bazaar   | Bought a potion of resistance for 70 gold pieces
 54455 | Bazaar   | Bought a potion of ambrosia for 56 gold pieces
 54619 | Depths:2 | Found a one-way gate leading to the halls of Pandemonium.
 54837 | Depths:2 | Reached skill level 20 in Dodging
 55065 | Depths:2 | Found a runed translucent gate.
 55065 | Depths:2 | Found a runed translucent gate.
 55065 | Depths:2 | Found a runed translucent gate.
 55065 | Depths:2 | Noticed Saecofuc's ghost (veteran GnSk)
 55175 | Depths:2 | Found a runed translucent gate.
 55175 | Depths:2 | Found a runed translucent gate.
 55175 | Depths:2 | Found a runed translucent gate.
 55198 | Depths:2 | Identified the Treatise on the Congregation
 55301 | Depths:2 | Found a runed translucent gate.
 55301 | Depths:2 | Found a runed translucent gate.
 55301 | Depths:2 | Found a runed translucent gate.
 55353 | Depths:2 | Identified the +1 ring mail "Dodonaqask" {rPois Str-2
                  | Dex+3}
 55687 | Depths:2 | Killed Saecofuc's ghost
 55999 | Depths:3 | Noticed Grunn
 56372 | Depths:3 | Killed Grunn
 56503 | Depths:3 | Found a one-way gateway to a ziggurat.
 56869 | Depths:3 | Reached XP level 26. HP: 182/221 MP: 0/0
 57111 | Depths:3 | Reached skill level 21 in Dodging
 57183 | Depths:3 | Noticed a juggernaut
 57185 | Depths:3 | Noticed a juggernaut
 57195 | Depths:3 | Killed a juggernaut
 57201 | Depths:3 | Killed a juggernaut
 57280 | Depths:3 | Found the +9 staff of Olgreb {rPois∞}
 57658 | Depths:4 | Entered Level 4 of the Depths
 58322 | D:4      | Bought a scroll of enchant armour for 75 gold pieces
 58800 | Depths:4 | Reached skill level 22 in Dodging
 58860 | Depths:4 | Found a runed translucent door.
 58860 | Depths:4 | Noticed Hulu's ghost (veteran GrEE)
 58988 | Depths:4 | Noticed the Enchantress
 58996 | Depths:4 | Killed the Enchantress
 59244 | Depths:4 | Reached skill level 23 in Dodging
 59258 | Depths:4 | Reached skill level 5 in Stealth
 59699 | Depths:4 | Reached skill level 10 in Stealth
 59699 | Depths:4 | Reached XP level 27. HP: 188/219 MP: 0/0
 59699 | Depths:4 | Learned a level 9 spell: Polar Vortex
 59770 | Depths:4 | Identified the ring "Ikufu" {Wiz Fly Str-3 Stlth+}
 59894 | Depths:4 | Found a gate to the Realm of Zot.
 60649 | Depths:4 | Killed Hulu's ghost
 61082 | Elf:2    | Noticed Agnes
 61085 | Elf:2    | Killed Agnes
 61600 | D:4      | Bought a brightly glowing chain mail for 228 gold pieces
 61600 | D:4      | Identified the +1 chain mail of Masochism {Harm} (You
                  | bought it in a shop on level 4 of the Dungeon)
 61985 | Crypt:1  | Entered Level 1 of the Crypt
 62620 | Crypt:1  | Noticed Xtahua
 62629 | Crypt:1  | Killed Xtahua
 63084 | Crypt:2  | Reached skill level 24 in Dodging
 63273 | Crypt:2  | Noticed Boris
 63279 | Crypt:2  | Killed Boris
 63707 | Crypt:3  | Entered Level 3 of the Crypt
 63834 | Crypt:3  | Found a staircase to the Tomb.
 64145 | Crypt:3  | Noticed Vv
 64255 | Crypt:2  | Killed Vv
 64304 | Crypt:3  | Reached skill level 25 in Dodging
 65068 | D:8      | Acquired a +4 quick blade of draining
 65070 | D:8      | Acquired the +2 rapier "Ummuria" {venom, rF+ Int+5 Stlth+}
 65514 | Vaults:5 | Entered Level 5 of the Vaults
 65547 | Vaults:5 | Reached skill level 1 in Evocations
 65604 | Vaults:5 | Reached skill level 5 in Evocations
 65682 | Vaults:5 | Identified the Anthology of the Vector
 65726 | Vaults:5 | Identified Tapud's Codex of the Wintry Tektite
 65835 | Vaults:5 | Found Gasirud's Weapon Emporium.
 65940 | Vaults:5 | Identified the +7 triple sword of Righteous Fury {speed,
                  | rCorr Int-2 Dex+5}
 65948 | Vaults:5 | Identified the +11 dagger "Gram" {speed, Str+7 Int+3 Dex-5}
 66263 | Vaults:5 | Noticed an ancient lich
 66267 | Vaults:5 | Killed an ancient lich
 66286 | Vaults:5 | Found Yruox's Weapon Shoppe.
 66476 | Vaults:5 | Reached skill level 10 in Evocations
 66499 | Vaults:5 | Got a silver rune of Zot
 66603 | Vaults:5 | Identified the ring of the Archfiend {rPois rC+ SInv}
 66616 | Vaults:5 | Identified the Atlas of Gritty Oxidation
 67240 | Vaults:5 | Found Gasirud's Weapon Emporium.
 67687 | Vaults:5 | Found Yruox's Weapon Shoppe.
 68182 | Slime:1  | Entered Level 1 of the Pits of Slime
 68351 | Slime:4  | Noticed Dissolution
 68355 | Slime:4  | Killed Dissolution
 68357 | Slime:4  | Gained mutation: Your body sometimes deteriorates upon
                  | taking damage. [a shining eye]
 68395 | Slime:5  | Entered Level 5 of the Pits of Slime
 68778 | Slime:5  | Paralysed by a great orb of eyes for 3 turns
 69026 | Slime:5  | Noticed the Royal Jelly
 69031 | Slime:5  | Killed the Royal Jelly
 69170 | Slime:5  | Identified the +7 spear "Ykkes" {freeze, rPois Dex+4
                  | Stlth+}
 69170 | Slime:5  | Identified the Discursus on the Chill
 69171 | Slime:5  | Identified the Excursus on Bloody Changing
 69172 | Slime:5  | Found the +8 longbow "Zephyr" {speed, Dex+3 SInv}
 69173 | Slime:5  | Identified the +7 great mace of the Thirteen Hells {spect,
                  | Int+6}
 69173 | Slime:5  | Identified the +7 hand axe of Premature Burial {flame,
                  | *Rage Fly rPois Int+2}
 69206 | Slime:5  | Identified the +1 scale mail "Fowush" {rPois}
 69240 | Slime:5  | Identified the +1 robe of Tenacity {rPois MP+9 Str+2}
 69258 | Slime:5  | Got a slimy rune of Zot
 70069 | Vaults:2 | Reached skill level 15 in Evocations
 70083 | Vaults:2 | Gained mutation: Your body often deteriorates upon taking
                  | damage. [mutagenic glow]
 70092 | Vaults:2 | Gained mutation: Potions are less effective at restoring
                  | your health. [mutagenic glow]
 70450 | Zot:1    | Entered Level 1 of the Realm of Zot
 71063 | Zot:2    | Reached skill level 1 in Polearms
 71323 | Zot:2    | Reached skill level 5 in Polearms
 71430 | Zot:2    | Noticed a Killer Klown
 71438 | Zot:2    | Killed a Killer Klown
 71905 | Zot:2    | Identified the +9 shortbow of Ozxoucesa {drain, Will+}
 72346 | Zot:3    | Identified the +10 hand axe "Gaemm" {venom, Contam rElec
                  | rPois Stlth+}
 72553 | Zot:3    | Found a runed translucent gate.
 72555 | Zot:3    | Found a runed translucent gate.
 72557 | Zot:3    | Found a runed translucent gate.
 72558 | Zot:3    | Noticed Sausm's ghost (legendary KoDe)
 72632 | Zot:3    | Identified the ring of Haqidus {rF+ rC++ rCorr Int+2}
 72846 | Zot:3    | Found a transporter.
 72852 | Zot:3    | Found a transporter.
 72888 | Zot:3    | Found a transporter.
 73017 | Zot:3    | Found a transporter.
 73366 | Zot:4    | Noticed a Killer Klown
 73373 | Zot:4    | Killed a Killer Klown
 73508 | Zot:4    | Identified the +12 broad axe "Ozorih" {heavy, +Blink rC+
                  | Dex-3}
 73516 | Zot:4    | Noticed an orb of fire
 73525 | Zot:4    | Killed an orb of fire
 74169 | Zot:4    | Noticed a Killer Klown
 74171 | Zot:4    | Noticed a Killer Klown
 74185 | Zot:4    | Killed a Killer Klown
 74188 | Zot:4    | Noticed a Killer Klown
 74190 | Zot:4    | Killed a Killer Klown
 74192 | Zot:4    | Killed a Killer Klown
 74193 | Zot:4    | Reached skill level 10 in Polearms
 74339 | Zot:5    | Entered Level 5 of the Realm of Zot
 74565 | Zot:5    | Found a runed translucent gate.
 74565 | Zot:5    | Found a runed translucent gate.
 74566 | Zot:5    | Found a runed translucent gate.
 74622 | Zot:5    | Noticed Lioda's ghost (legendary MiBe)
 74622 | Zot:5    | Identified the +2 pair of gloves "Couxumug" {Will++ rCorr
                  | Str+2}
 74622 | Zot:5    | Identified the amulet "Rerhabb" {Spirit rPois rN+ Dex-4}
 75244 | Zot:5    | Noticed an orb of fire
 75258 | Zot:5    | Killed an orb of fire
 75295 | Zot:5    | Noticed a Killer Klown
 75314 | Zot:5    | Killed a Killer Klown
 75528 | Zot:5    | Noticed an orb of fire
 75544 | Zot:5    | Noticed an orb of fire
 75603 | Zot:5    | Killed an orb of fire
 75621 | Zot:5    | Killed an orb of fire
 75671 | Zot:5    | Noticed an orb of fire
 75688 | Zot:5    | Noticed a Killer Klown
 75694 | Zot:5    | Killed a Killer Klown
 75701 | Zot:5    | Killed an orb of fire
 75738 | Zot:5    | Noticed an orb of fire
 75740 | Zot:5    | Killed an orb of fire
 75929 | Zot:5    | Noticed a Killer Klown
 75935 | Zot:5    | Killed a Killer Klown
 75948 | Zot:5    | Noticed a Killer Klown
 75953 | Zot:5    | Killed a Killer Klown
 75955 | Zot:5    | Noticed an orb of fire
 75961 | Zot:5    | Noticed a dread lich
 75964 | Zot:5    | Killed an orb of fire
 75967 | Zot:5    | Killed a dread lich
 75970 | Zot:5    | Reached skill level 15 in Polearms
 76032 | Zot:5    | Noticed an orb of fire
 76036 | Zot:5    | Killed an orb of fire
 76064 | Zot:5    | Noticed a dread lich
 76094 | Zot:5    | Killed a dread lich
 76261 | Zot:5    | Got the Orb of Zot
 76501 | Depths:1 | Noticed Unaot the pandemonium lord
 76509 | Depths:1 | Killed Unaot the pandemonium lord
 76534 | D:15     | Lost mutation: Your body often deteriorates upon taking
                  | damage. [potion of mutation]
 76534 | D:15     | Lost mutation: Potions are less effective at restoring your
                  | health. [potion of mutation]
 76534 | D:15     | Lost mutation: Your body sometimes deteriorates upon taking
                  | damage. [potion of mutation]
 76534 | D:15     | Gained mutation: You occasionally lose the ability to drink
                  | potions when taking damage. [potion of mutation]
 76534 | D:15     | Gained mutation: Armour fits poorly on your strangely
                  | shaped body. [potion of mutation]
 76535 | D:15     | Lost mutation: Armour fits poorly on your strangely shaped
                  | body. [potion of mutation]
 76535 | D:15     | Lost mutation: You occasionally lose the ability to drink
                  | potions when taking damage. [potion of mutation]
 76535 | D:15     | Gained mutation: You are strong-willed. (Will+) [potion of
                  | mutation]
 76535 | D:15     | Gained mutation: Your spells are a little harder to cast,
                  | but a little more powerful. [potion of mutation]
 76535 | D:15     | Gained mutation: You are resistant to electric shocks.
                  | (rElec) [potion of mutation]
 76647 | D:11     | Noticed Dudokleo the pandemonium lord
 76769 | D:6      | Noticed Muumuizu the pandemonium lord
 76780 | D:6      | Killed Muumuizu the pandemonium lord
 76928 | D:1      | Woot!
 76929 | D:$      | Escaped with the Orb!

Illustrated notes

#...♣.♣.♣♣...♣♣.♣.♣##....[..##
#.#♣♣.♣.♣.♣♣.P♣.♣.♣♣#.......#.
#.#♣..♣.♣.♣P.♣♣.♣.P♣#.......#.
#.#♣♣{♣.♣.♣♣....♣.♣♣#.......#.
#...♣.♣.♣♣..♣♣♣P♣.♣ #.......#.
#...♣.♣♣.♣♣...♣♣♣.♣ #.......#.
#.##♣♣.♣♣°♣♣♣♣...♣♣ #.......#.
#....♣♣.♣§.§.♣♣P♣♣ #.......#.
####.#♣♣°§§§§@♣♣♣ #.......##
#...♣♣§§§♣♣♣ #.......##
##.##..§..### #.........
#..........# #######'###
##########.# #.......# #.#
#.####### #.#####.# #.......#
#.#######


Turn 76928 on D:1: Woot!

Levels and vault maps discovered:
D:1:      nagdon_arrival_double_spiral, layout_basic
D:2:      layout_basic
D:3:      layout_basic, minmay_crystal_room, minmay_misc_feat_tiny,
          dreamdust_mushroom_princess, minmay_parallelograms
D:4:      layout_basic, mainiacjoe_overflow_boulevard, serial_shops,
          nicolae_shop_hallway_plus, nicolae_inconvenience_store,
          nicolae_shop_crystal, gammafunk_ghost_split
D:5:      layout_loops_cross, temple_doors_cd, chequers_jeans, st_stairs_4,
          uniq_eustachio
D:6:      layout_basic, marbit_many_paths, nicolae_ossuary_entry_monument,
          uniq_menkaure, uniq_edmund, uniq_grinder
D:7:      layout_rooms, zin_angel, lemuel_mausoleum_altar_yredelemnul,
          serial_bayou_lake_a
D:8:      layout_rooms, nicolae_qazlal_scattered_showers,
          lemuel_coloured_pillars_altar, david_lair_generic, st_stairs_1,
          minmay_ruined_shrine
D:9:      layout_grid_maze, chei_slow_surprise,
          mainiacjoe_overflow_surrounded_room, hiddenorc2_lemuel, uniq_erolcha,
          uniq_amaemon
D:10:     layout_roguey, kennysheep_mini, mainiacjoe_overflow_paths,
          enter_bailey_5
D:11:     layout_roguey, uniq_sonja, uniq_nergalle, uniq_erica, uniq_josephine
D:12:     layout_basic, serial_shops, shop, okawaru_trees_1
D:13:     layout_long_grid, david_vaults_1, nicolae_titane
D:14:     layout_irregular_city, serial_shops, bzr_firewalk, uniq_azrael
D:15:     gammafunk_depths_entry_grave, layout_long_grid,
          dreamdust_wishing_well, jiyva_altar_1
Temple:   nicolae_temple_x_marks_the_god
Lair:1:   layout_misc_corridors, ebering_ghost_rock_garden,
          chequers_serial_rivers_room_a, minmay_stone_trees_small
Lair:2:   layout_loops_ring, minmay_swamp_entry_worms, st_stairs_7,
          eino_small_chamber_without_monster, minmay_holes,
          nicolae_lair_lil_pond, uniq_harold
Lair:3:   layout_misc_corridors, guppyfry_snake_entry_island,
          beast_lair_carwin_9
Lair:4:   layout_misc_corridors, chequers_serial_rivers_room_a,
          grunt_megastairs_2, uniq_snorg
Lair:5:   evil_forest, layout_misc_corridors, slime_entry_1
Swamp:1:  layout_basic_swamp, evilmike_swamp_ruin_house_2, swamp_pool2,
          uniq_jorgrun, uniq_louise, uniq_kirke
Swamp:2:  layout_basic_swamp, hangedman_swamp_lotus, swamp_pool1,
          nicolae_swamp_round_clearing, grunt_hermit_hut, uniq_nikola
Swamp:3:  nzn_winding_woodlands_cross [nzn_winding_woodlands_5x15_jagged,
          nzn_winding_woodlands_5x15_zeroes,
          nzn_winding_woodlands_5x15_river_crossing,
          nzn_winding_woodlands_5x15_sawtooth,
          nzn_winding_woodlands_15x15_five_gardens], layout_basic_swamp,
          evilmike_swamp_ruin_house_4
Swamp:4:  swamp_alternative, layout_basic_swamp
Snake:1:  layout_layer_cave, basic_altar, nicolae_shop_dragon_depot, drop_trap
Snake:2:  gammafunk_sealed_arena, layout_chambers, uniq_saint_roka
Snake:3:  layout_chambers, grunt_megastairs_1
Snake:4:  grunt_snake_rune_serpentine_throne, layout_basic, basic_altar,
          nicolae_shop_vocational, uniq_mlioglotl
Slime:1:  layout_caves, cheibrodos_slime_lost_civilization_4
Slime:2:  layout_caves
Slime:3:  layout_caves
Slime:4:  cheibrodos_slime_lost_civilization_1, layout_caves, uniq_dissolution
Slime:5
Orc:1:    layout_caves, basic_altar
Orc:2:    st_orc_elflike, layout_caves, basic_altar
Elf:1:    layout_geoelf_octagon, portal_ice_cave_entry_pillars_three,
          serial_shops, bzr_entry_water, hangedman_elf_represent, uniq_frances,
          uniq_roxanne
Elf:2:    elven_hall_of_blades_hangedman_original
          [nicolae_blade_entry_antechamber], layout_rooms, serial_shops,
          nicolae_take_the_stairs, uniq_agnes
Elf:3:    grunt_elf_hall_diamonds, layout_loops_cross, serial_shops,
          shop_fountains
Vaults:1: vaults_dpeg_diagonal, v_misc_30, ontoclasm_vaults_misaligned,
          ontoclasm_vaults_fault, nicolae_vaults_network_star,
          nicolae_vaults_stairing_the_circle, v_rooms_2,
          hangedman_vaults_corner_blocks, vaults_room_octagon,
          dpeg_vaults_monster_row, nicolae_vaults_what_the_h,
          ontoclasm_vaults_decontamination, layout_vaults_omnicross,
          serial_shops, nicolae_shop_behind_doors
Vaults:2: v_alt_pattern_4, minmay_crypt_entry_simple_round,
          gammafunk_its_a_trap, ontoclasm_vaults_hangar,
          ontoclasm_vaults_ring_small, vaults_room_grid, vaults_room_boxed,
          vaults_mumra_minichess, nicolae_vaults_three_branches, v_pattern_1,
          v_misc_11, nicolae_vaults_border_crossing, layout_vaults_omnibox
Vaults:3: nicolae_vaults_yaktaur_gun_rack, v_misc_10, nicolae_vaults_little_ls,
          hangedman_vaults_nails, ontoclasm_vaults_ring_large, vaults_room_pool,
          nicolae_vaults_branching_niches, vaults_mumra_hexcomb,
          hangedman_vaults_restitches, dpeg_vaults_monster_box,
          nicolae_vaults_asterisk, v_misc_8, nicolae_vaults_little_squares_5,
          vaults_dpeg_ring, vaults_room_semicircle, layout_vaults_chaotic_city,
          serial_shops, nicolae_shop_bloodbath_and_beyond, shop
Vaults:4: nicolae_vaults_little_squares_2, hangedman_vaults_river_flow,
          v_misc_16, nicolae_vaults_circle_grid_b, hangedman_vaults_restitches,
          ontoclasm_vaults_misaligned, v_alt_pattern_4, ontoclasm_vaults_echo,
          v_misc_3, grunt_vaults_bifocal, hangedman_vaults_locks,
          ontoclasm_vaults_bender, v_misc_27, nicolae_vaults_mini_display_case,
          layout_vaults_maze_snakey, uniq_boris, uniq_donald
Vaults:5
Crypt:1:  layout_catacombs, palyth_stone_intersect, skrybe_necro_troll_1,
          uniq_xtahua
Crypt:2:  layout_chaotic_city, lemuel_hellish_altar
Crypt:3:  david_glass_crypt, layout_rooms, tomb_entry_simple_bobbens,
          moated_statue, amcnicky_mini_corridor_feature, uniq_vv
Depths:1: layout_cave_shapes, nicolae_vehumet_radiance, grunt_hell_horde,
          abyss_entry_flame_altar, led_sif_pool
Depths:2: kennysheep_treasure_stockpile, layout_long_grid,
          grunt_hell_entry_dis_grunt, ebering_ghost_rock_garden,
          rand_demon_pan_entry_5, serial_shops, bzr_entry_dummy, abyss_entry,
          infiniplex_staircase_trident, minmay_shop_star
Depths:3: kennysheep_snake, layout_cave_pools, enter_ziggurat_a, hell_entry,
          hangedman_abyss_entry_splay, nrook_mini_backslash, uniq_grunn
Depths:4: lemuel_castle_with_subvaults [lemuel_castle_interior_carwin_1],
          layout_gridville, hell_entry, hellmonk_ghost_happy_afterlife,
          roderic_cross_of_infinity, hangedman_abyss_or_decor_passed,
          minmay_the_grid_2x2 [minmay_the_grid_medium_cups,
          minmay_the_grid_box_x, minmay_the_grid_rooms,
          minmay_the_grid_prize_diamond_cup], uniq_josephina, uniq_enchantress
Zot:1:    layout_misc_corridors
Zot:2:    layout_gridlike, grunt_megastairs_4
Zot:3:    layout_concentric_octagons, gammafunk_ghost_split, grunt_ministairs_1,
          nicolae_transporter_intersection
Zot:4:    grunt_zot_stairs_faceoff, layout_basic, skrybe_zot_glass_1
Zot:5:    layout_misc_corridors, gammafunk_ghost_tricky_traps, st_stairs_13

Skill      XL: |  1  2  3  4  5  6  7  8  9 10 11 12 13 14 15 16 17 18 19 20 21 22 23 24 25 26 27 |
---------------+----------------------------------------------------------------------------------+-----
Spellcasting   | 3 4 5 6 7 8 10 11 13 14 15 16 17 18 19 | 19.1
Fighting       | 1 2 3 4 5 6 7 8 10 12 14 15 16 17 18 19 | 19.1
Armour         | 2 5 7 |  7.5
Dodging        | 3 4 6 9 10 14 17 18 19 20 23 25 | 25.1
Shields        | 2 5 9 10 11 14 17 18 19 21 22 | 22.9
Short Blades   | 3 4 5 8 10 | 10.5
Stealth        | 10 13 | 13.7
Evocations     | 15 | 15.9
Polearms       | 16 | 16.3

Action                   |  1- 3 |  4- 6 |  7- 9 | 10-12 | 13-15 | 16-18 | 19-21 | 22-24 | 25-27 || total
-------------------------+-------+-------+-------+-------+-------+-------+-------+-------+-------++-------
Melee: Staff             |       |       |       |       |     1 |     1 |     1 |       |       ||     3
 Cast: Foxfire           |    69 |    59 |   123 |   197 |   428 |    75 |     4 |     2 |     7 ||   964
       Scorch            |       |    21 |    58 |   180 |   194 |    10 |       |     4 |       ||   467
       Flame Wave        |       |       |     1 |    16 |    48 |    11 |     6 |       |     1 ||    83
       Kindle Blastspark |       |       |     5 |     3 |   116 |     3 |       |       |       ||   127
       Inner Flame       |       |       |     3 |    14 |    20 |    11 |       |       |       ||    48
       Irradiate         |       |       |       |    10 |    44 |     7 |     6 |       |       ||    67
       Searing Ray       |       |       |       |       |     7 |       |       |       |       ||     7
       Iskenderun's Batt |       |       |       |       |     6 |    83 |    38 |    20 |    68 ||   215
       Petrify           |       |       |       |       |     1 |     1 |     1 |       |       ||     3
       Iron Shot         |       |       |       |       |    98 |   428 |   402 |   317 |  1122 ||  2367
       Eringya's Noxious |       |       |       |       |       |     8 |     3 |     3 |       ||    14
       Conjure Ball Ligh |       |       |       |       |       |       |    73 |     2 |     5 ||    80
       Ignition          |       |       |       |       |       |       |    21 |    44 |   260 ||   325
       Spellforged Servi |       |       |       |       |       |       |       |    64 |   182 ||   246
       Necromutation     |       |       |       |       |       |       |       |       |     2 ||     2
       Polar Vortex      |       |       |       |       |       |       |       |       |     8 ||     8
Invok: Curse Item        |       |       |     2 |     3 |     2 |       |     3 |     3 |     4 ||    17
       Shatter the Chain |       |       |       |       |       |     1 |     2 |     2 |     4 ||     9
 Abil: End Transformatio |       |       |       |       |       |       |       |       |     2 ||     2
Evoke: Wand              |       |       |       |       |       |       |       |       |     3 ||     3
       Box of beasts     |       |       |       |       |       |       |       |       |     1 ||     1
       Phantom mirror    |       |       |       |       |       |       |       |       |     1 ||     1
  Use: Scroll            |       |     7 |     3 |     1 |       |     2 |     8 |       |    28 ||    49
       Potion            |       |       |       |     1 |     1 |       |     4 |     1 |    23 ||    30
Armor: Robe              |     1 |     5 |     1 |       |       |       |       |       |       ||     7
       Steam dragon scal |       |       |     1 |    40 |    69 |       |       |       |       ||   110
       Troll leather arm |       |       |       |       |       |    23 |    15 |     5 |    31 ||    74
Dodge: Dodged            |     2 |     5 |     9 |    86 |   137 |    65 |    54 |    24 |   186 ||   568
Block: Kite shield       |       |       |       |       |   103 |   102 |     7 |       |       ||   212
       Tower shield      |       |       |       |       |       |       |    96 |    55 |   309 ||   460
       Reflection        |       |       |       |       |       |       |       |    29 |    28 ||    57

Table legend: (Time is in decaauts)
 A = Elapsed time spent in this place.
 B = Non-inter-level travel time spent in this place.
 C = Inter-level travel time spent in this place.
 D = Time resting spent in this place.
 E = Time spent auto-exploring this place.
 F = Levels seen in this place.
 G = Mean time per level.
                   A        B        C        D        E       F      G
               +--------+--------+--------+--------+--------+-----+--------+
         Total |  77007 |  64929 |  12078 |  14257 |  25893 |  63 | 1222.3 |
       Dungeon |  22745 |  17131 |   5614 |   3981 |   8464 |  15 | 1516.3 |
        Temple |     58 |     51 |      7 |      0 |     46 |   1 |   58.0 |
          Lair |   8754 |   7439 |   1315 |   2545 |   2595 |   5 | 1750.8 |
         Swamp |   3816 |   3494 |    322 |    571 |   1911 |   4 |  954.0 |
     Snake Pit |   6406 |   5828 |    578 |    741 |   3090 |   4 | 1601.5 |
    Slime Pits |   1291 |   1107 |    184 |    559 |     33 |   5 |  258.2 |
  Orcish Mines |   2472 |   2240 |    232 |    881 |    768 |   2 | 1236.0 |
   Elven Halls |   3998 |   3493 |    505 |    598 |   1150 |   3 | 1332.7 |
        Vaults |   9769 |   8190 |   1579 |   1079 |   2805 |   5 | 1953.8 |
         Crypt |   2834 |   2626 |    208 |    218 |   1357 |   3 |  944.7 |
        Depths |   7184 |   6220 |    964 |   1312 |   1710 |   4 | 1796.0 |
           Zot |   5864 |   5298 |    566 |   1303 |   1688 |   5 | 1172.8 |
         Abyss |     45 |     45 |      0 |      0 |      0 |   1 |   45.0 |
        Bazaar |    389 |    389 |      0 |      0 |    144 |   3 |  129.7 |
       Ossuary |    288 |    288 |      0 |     90 |     98 |   1 |  288.0 |
        Bailey |    343 |    343 |      0 |    132 |      0 |   1 |  343.0 |
      Ice Cave |    743 |    743 |      0 |    247 |     34 |   1 |  743.0 |
               +--------+--------+--------+--------+--------+-----+--------+

Top non-repeatable levels by time:
  Lair:5: 3254 daAuts
     D:8: 2491 daAuts
Vaults:5: 2305 daAuts
Vaults:3: 2220 daAuts
Depths:4: 2208 daAuts
     D:9: 2100 daAuts
     D:7: 2002 daAuts
    D:11: 1890 daAuts
Vaults:1: 1887 daAuts
Vaults:2: 1850 daAuts
  Lair:4: 1846 daAuts
    D:14: 1829 daAuts
     D:6: 1784 daAuts
Depths:2: 1742 daAuts
 Snake:2: 1735 daAuts
